[Event "Djerba Festival Blitz 2025"]
[Site "Djerba"]
[Date "2025.02.21"]
[Round "4.1"]
[White "Maghsoodloo, Parham"]
[Black "Thorfinnsson, Bjorn"]
[Result "1-0"]
[ECO "C60"]
[WhiteElo "2680"]
[BlackElo "2377"]
[PlyCount "81"]
[EventDate "2025.02.15"]
[EventType "swiss"]
[EventCountry "TUN"]
[TimeControl "180+3"]

1. e4 e5 2. Nf3 Nc6 3. Bb5 Nge7 4. O-O d6 5. Re1 Bd7 6. c3 Ng6 7. d4 Be7 8. a4 O-O 9. Be3 a6 10. Bc4 Kh8 11. Nbd2 f5 12. exf5 Bxf5 13. Bd5 exd4 14. Bxd4 Nf4 15. Be4 Nxd4 16. Nxd4 Bxe4 17. Nxe4 Qd7 18. Ne2 d5 19. Nxf4 Rxf4 20. g3 Rf7 21. c4 Rd8 22. cxd5 Qxd5 23. Qc2 c6 24. Rad1 Qf5 25. Qb3 Rxd1 26. Rxd1 h6 27. Re1 b5 28. axb5 axb5 29. Kg2 Rf8 30. f3 c5 31. g4 Qf4 32. Rf1 b4 33. Qe6 Bf6 34. b3 Bd4 35. Qc4 Qe3 36. Qc2 Rf4 37. Ng3 Qc3 38. Qd1 Rf8 39. Re1 Be5 40. Nf5 Qa1 41. Qxa1 1-0

[Event "Djerba Festival Blitz 2025"]
[Site "Djerba"]
[Date "2025.02.21"]
[Round "4.2"]
[White "Stopa, Jacek"]
[Black "Moussard, Jules"]
[Result "1-0"]
[ECO "D35"]
[WhiteElo "2310"]
[BlackElo "2595"]
[PlyCount "93"]
[EventDate "2025.02.15"]
[EventType "swiss"]
[EventCountry "TUN"]
[TimeControl "180+3"]

1. d4 Nf6 2. c4 e6 3. Nc3 d5 4. cxd5 exd5 5. Bg5 c6 6. e3 h6 7. Bh4 Be7 8. Bd3 O-O 9. Nge2 Ne8 10. Bxe7 Qxe7 11. O-O Nd6 12. Qd2 Bf5 13. Rae1 Re8 14. Bxf5 Nxf5 15. Nd1 Nd7 16. Nec3 Qg5 17. f3 Nf6 18. Rf2 Rad8 19. Qd3 h5 20. Rfe2 h4 21. Nf2 Nh5 22. Nh3 Qf6 23. b4 a6 24. a4 b5 25. Ra1 g6 26. axb5 axb5 27. Ra6 Re6 28. Nf2 Qe7 29. Ng4 f6 30. Nh6+ Nxh6 31. Qxg6+ Ng7 32. Qxh6 Re8 33. e4 Qxb4 34. Qd2 Nf5 35. Nxd5 Qxd4+ 36. Kf1 Qe5 37. Nf4 Rd6 38. Qc1 Red8 39. Re1 b4 40. Rb6 Nd4 41. Ng6 Qxh2 42. Qh6 Nf5 43. Qh8+ Kf7 44. Rb7+ Kxg6 45. Qh7+ Kg5 46. Qxf5+ Kh6 47. Rh7# 1-0

[Event "Djerba Festival Blitz 2025"]
[Site "Djerba"]
[Date "2025.02.21"]
[Round "4.3"]
[White "Dardha, Daniel"]
[Black "Njili, Kamel"]
[Result "1-0"]
[ECO "B90"]
[WhiteElo "2652"]
[BlackElo "2406"]
[PlyCount "73"]
[EventDate "2025.02.15"]
[EventType "swiss"]
[EventCountry "TUN"]
[TimeControl "180+3"]

1. e4 c5 2. Nf3 d6 3. d4 cxd4 4. Nxd4 Nf6 5. Nc3 a6 6. Bd3 Nc6 7. Nxc6 bxc6 8. O-O g6 9. b3 Bg7 10. Bb2 O-O 11. Na4 d5 12. Qe2 a5 13. exd5 cxd5 14. Rfe1 e6 15. Rad1 Qc7 16. Be5 Qa7 17. c4 Ba6 18. Bxf6 Bxf6 19. cxd5 Bxd3 20. Qxd3 exd5 21. Qxd5 Rad8 22. Qf3 Bg7 23. g3 Qc7 24. Kg2 Qc2 25. Rxd8 Rxd8 26. Re7 Rf8 27. Re2 Qc7 28. h4 h5 29. Re4 Rd8 30. Rc4 Qe7 31. Nc3 Qa3 32. Rc7 Rf8 33. Qe2 Qd6 34. Qc4 Qa3 35. Ne4 Qxa2 36. Ng5 Qd2 37. Rxf7 1-0

[Event "Djerba Festival Blitz 2025"]
[Site "Djerba"]
[Date "2025.02.21"]
[Round "4.4"]
[White "Kobalia, Mikhail"]
[Black "Willems, Niels"]
[Result "0-1"]
[ECO "B90"]
[WhiteElo "2538"]
[BlackElo "2414"]
[PlyCount "64"]
[EventDate "2025.02.15"]
[EventType "swiss"]
[EventCountry "TUN"]
[TimeControl "180+3"]

1. e4 c5 2. Nf3 d6 3. d4 cxd4 4. Nxd4 Nf6 5. Nc3 a6 6. Be3 e5 7. Nb3 Be7 8. Qd2 Ng4 9. g3 Be6 10. O-O-O Nd7 11. Kb1 Rc8 12. f4 Nxe3 13. Qxe3 b5 14. f5 Bc4 15. h4 Nb6 16. Na5 Bxf1 17. Rhxf1 Qc7 18. Rf2 d5 19. Qe1 Bb4 20. Nb3 Bxc3 21. bxc3 Na4 22. Rxd5 Nxc3+ 23. Kb2 Nxd5 24. exd5 O-O 25. f6 Rfd8 26. Qe3 gxf6 27. Rxf6 Qxc2+ 28. Ka1 Rxd5 29. Qg5+ Kh8 30. Rf1 Qc3+ 31. Kb1 Qd3+ 32. Kb2 Qxf1 0-1

[Event "Djerba Festival Blitz 2025"]
[Site "Djerba"]
[Date "2025.02.21"]
[Round "4.5"]
[White "Viers, Emmanuel"]
[Black "Maurizzi, Marc`Andria"]
[Result "0-1"]
[ECO "A46"]
[WhiteElo "2072"]
[BlackElo "2581"]
[PlyCount "60"]
[EventDate "2025.02.15"]
[EventType "swiss"]
[EventCountry "TUN"]
[TimeControl "180+3"]

1. d4 Nf6 2. Nc3 e6 3. Nf3 c5 4. dxc5 Bxc5 5. e4 d6 6. Bd3 O-O 7. O-O a6 8. Qe2 Nbd7 9. Bg5 Qc7 10. Rad1 b5 11. a3 Bb7 12. Rfe1 e5 13. h3 h6 14. Be3 Rac8 15. Nh2 Rfd8 16. Ng4 Nxg4 17. Qxg4 Nf6 18. Qf5 Qe7 19. Bxc5 Rxc5 20. Re3 Nh7 21. Nd5 Bxd5 22. exd5 g6 23. Qf3 Kg7 24. Bf1 Rxc2 25. Rb3 Rdc8 26. a4 bxa4 27. Rb6 Ng5 28. Qa3 R8c5 29. Qxa4 Qf6 30. Qh4 Nf3+ 0-1

[Event "Djerba Festival Blitz 2025"]
[Site "Djerba"]
[Date "2025.02.21"]
[Round "4.6"]
[White "Oro, Faustino"]
[Black "Boudriga, Mohamed Ali"]
[Result "1-0"]
[ECO "A30"]
[WhiteElo "2447"]
[BlackElo "2323"]
[PlyCount "55"]
[EventDate "2025.02.15"]
[EventType "swiss"]
[EventCountry "TUN"]
[TimeControl "180+3"]

1. Nf3 Nf6 2. c4 e6 3. g3 b6 4. Bg2 Bb7 5. O-O c5 6. b3 Be7 7. Bb2 O-O 8. d4 cxd4 9. Qxd4 Nc6 10. Qd1 d5 11. Ne5 Rc8 12. Nd2 Qc7 13. Nd3 Rfd8 14. Rc1 Qb8 15. Bxf6 Bxf6 16. cxd5 exd5 17. Nf3 d4 18. Qd2 Ne7 19. Nf4 g6 20. Rxc8 Qxc8 21. Rd1 Nf5 22. Ne1 Bxg2 23. Kxg2 Nd6 24. Qd3 Qb7+ 25. Kg1 Rc8 26. e3 Rc3 27. Qe2 Qe4 28. exd4 1-0

[Event "Djerba Festival Blitz 2025"]
[Site "Djerba"]
[Date "2025.02.21"]
[Round "4.9"]
[White "Amdouni, Zoubaier"]
[Black "Chelly, Yahya"]
[Result "0-1"]
[ECO "B13"]
[WhiteElo "2229"]
[BlackElo "2106"]
[PlyCount "80"]
[EventDate "2025.02.15"]
[EventType "swiss"]
[EventCountry "TUN"]
[TimeControl "180+3"]

1. e4 c6 2. d4 d5 3. exd5 cxd5 4. Bd3 Nc6 5. c3 Nf6 6. Bf4 Bg4 7. Qb3 Qd7 8. Nd2 e6 9. Ngf3 Bd6 10. Bxd6 Qxd6 11. O-O O-O 12. Rae1 Bxf3 13. Nxf3 Rab8 14. Ne5 Qc7 15. f4 b5 16. a3 a5 17. Bxb5 Na7 18. a4 Ne4 19. Rxe4 dxe4 20. c4 Rfd8 21. Qc3 Nxb5 22. axb5 Ra8 23. Qe3 Qd6 24. Nc6 Re8 25. Qxe4 a4 26. f5 exf5 27. Qxf5 Rf8 28. c5 Qh6 29. Kh1 Qd2 30. h4 Qxb2 31. h5 h6 32. b6 Qb3 33. Rf3 Qc4 34. b7 Rae8 35. b8=Q Rxb8 36. Nxb8 Rxb8 37. c6 a3 38. c7 Qxc7 39. Qd3 a2 40. Qa3 Rb1+ {[%emt 0:00:04] Kh2 a1=Q+} 0-1

[Event "Djerba Festival Blitz 2025"]
[Site "Djerba"]
[Date "2025.02.21"]
[Round "4.10"]
[White "Zenaidi, Sadok"]
[Black "Bouzidi, Ahmed"]
[Result "0-1"]
[ECO "B15"]
[WhiteElo "1872"]
[BlackElo "2168"]
[PlyCount "30"]
[EventDate "2025.02.15"]
[EventType "swiss"]
[EventCountry "TUN"]
[TimeControl "180+3"]

1. e4 c6 2. Nf3 d5 3. Nc3 e6 4. d4 Nd7 5. Bg5 Be7 6. Bxe7 Nxe7 7. Bd3 b6 8. O-O Bb7 9. Ne2 dxe4 10. Bxe4 Nf6 11. Bd3 Qd6 12. c3 O-O 13. Ng3 Rad8 14. Qc2 c5 15. dxc5 Qxd3 0-1

[Event "Djerba Festival Blitz 2025"]
[Site "Djerba"]
[Date "2025.02.21"]
[Round "4.11"]
[White "Bensadi, Lotfi"]
[Black "Maisuradze, Nino"]
[Result "1-0"]
[ECO "B31"]
[WhiteElo "1971"]
[BlackElo "2174"]
[PlyCount "109"]
[EventDate "2025.02.15"]
[EventType "swiss"]
[EventCountry "TUN"]
[TimeControl "180+3"]

1. e4 c5 2. Nf3 Nc6 3. Bb5 g6 4. O-O Bg7 5. Nc3 e5 6. Bxc6 bxc6 7. Re1 d6 8. d3 f5 9. exf5 gxf5 10. d4 cxd4 11. Nxd4 Nf6 12. Nxc6 Qc7 13. Nb4 Bb7 14. Nbd5 Qc6 15. Nxf6+ Bxf6 16. Qh5+ Ke7 17. f3 Ke6 18. Qh3 Rag8 19. Ne4 Rg6 20. Ng3 Rxg3 21. Qxg3 Kf7 22. Qh3 Rg8 23. Qxh7+ Rg7 24. Qxf5 Rg5 25. Qe4 Qb6+ 26. Qe3 Rg8 27. Qxb6 axb6 28. Kf2 Bh4+ 29. g3 Bf6 30. Be3 Rh8 31. h4 b5 32. Rad1 d5 33. f4 d4 34. Bd2 e4 35. Ke2 e3 36. Bxe3 Re8 37. Kf2 dxe3+ 38. Rxe3 Ra8 39. Rd7+ Kg6 40. Rxb7 Bd4 41. Rxb5 Rxa2 42. Ke2 Bxe3 43. Kxe3 Ra4 44. b4 Ra2 45. Kd3 Ra1 46. g4 Rg1 47. Rg5+ Kf6 48. b5 Rh1 49. h5 Rf1 50. Rf5+ Ke6 51. b6 Rb1 52. Rg5 Kf7 53. Rg6 Rb4 54. c4 Rb3+ 55. Kd4 1-0

[Event "Djerba Festival Blitz 2025"]
[Site "Djerba"]
[Date "2025.02.21"]
[Round "4.12"]
[White "Azreug, Lazhar"]
[Black "Boulrens, Ala Eddine"]
[Result "0-1"]
[ECO "B07"]
[WhiteElo "1793"]
[BlackElo "2121"]
[PlyCount "48"]
[EventDate "2025.02.15"]
[EventType "swiss"]
[EventCountry "TUN"]
[TimeControl "180+3"]

1. e4 d6 2. d4 Nf6 3. Nc3 c6 4. Bf4 Nbd7 5. Qd2 e5 6. dxe5 dxe5 7. Bg5 Be7 8. Nf3 Qc7 9. Bc4 b5 10. Bb3 b4 11. Na4 Nxe4 12. Qe3 Nxg5 13. Nxg5 O-O 14. O-O-O Nb6 15. Nc5 a5 16. a3 bxa3 17. bxa3 a4 18. Ba2 h6 19. Nge4 Kh8 20. h4 Ra5 21. Nd3 Bxa3+ 22. Kd2 Be6 23. Nc1 Bxa2 24. Nxa2 Nc4+ 0-1

[Event "Djerba Festival Blitz 2025"]
[Site "Djerba"]
[Date "2025.02.21"]
[Round "4.13"]
[White "Papaux, Steve"]
[Black "Marceil, Jean"]
[Result "1-0"]
[ECO "E01"]
[WhiteElo "2204"]
[BlackElo "1901"]
[PlyCount "57"]
[EventDate "2025.02.15"]
[EventType "swiss"]
[EventCountry "TUN"]
[TimeControl "180+3"]

1. d4 d5 2. c4 e6 3. Nf3 Nf6 4. g3 c6 5. Bg2 Bd6 6. Nbd2 Ne4 7. Nxe4 dxe4 8. Ne5 f5 9. Bf4 Nd7 10. Nxc6 bxc6 11. Bxd6 Qa5+ 12. b4 Qa6 13. Qb3 Nb6 14. b5 cxb5 15. Qxb5+ Qxb5 16. cxb5 Kd7 17. Be5 Rg8 18. e3 Nd5 19. Kd2 Bb7 20. Rhc1 Rac8 21. Rc5 Nb6 22. Rac1 Na8 23. Rxc8 Rxc8 24. Rxc8 Bxc8 25. Bxg7 a6 26. Bf1 Nc7 27. a4 axb5 28. axb5 Nd5 29. Be5 1-0

[Event "Djerba Festival Blitz 2025"]
[Site "Djerba"]
[Date "2025.02.21"]
[Round "4.15"]
[White "Rekik Ismail"]
[Black "Tahir, Abderrahmane"]
[Result "0-1"]
[ECO "E68"]
[WhiteElo "2006"]
[BlackElo "1891"]
[PlyCount "92"]
[EventDate "2025.02.15"]
[EventType "swiss"]
[EventCountry "TUN"]
[TimeControl "180+3"]

1. c4 Nf6 2. Nc3 g6 3. g3 Bg7 4. d4 d6 5. Bg2 O-O 6. Nf3 Nbd7 7. O-O e5 8. e4 c6 9. Re1 Re8 10. b3 Qc7 11. Bb2 exd4 12. Nxd4 Nc5 13. Rc1 a5 14. Qd2 Nfd7 15. h3 Ne5 16. Re3 h5 17. f4 Ned3 18. Rxd3 Nxd3 19. Qxd3 Qb6 20. Na4 Qa7 21. c5 dxc5 22. Nxc5 Rd8 23. e5 Bf8 24. Ne4 Bf5 25. Qe3 Bxe4 26. Qxe4 Bc5 27. Rd1 Rxd4 28. Rxd4 Rd8 29. e6 Bxd4+ 30. Kh2 Bxb2 31. exf7+ Kxf7 32. f5 Bf6 33. Qe6+ Kg7 34. fxg6 b5 35. Qf5 h4 36. Qh5 hxg3+ 37. Kxg3 Qc7+ 38. Kf3 Rh8 39. Qf5 Rh4 40. Bf1 Qe7 41. Bd3 Rd4 42. Bc2 Qe1 43. Qh5 Qf1+ 44. Ke3 Qf4+ 45. Ke2 Rd2+ 46. Ke1 Qf2# 0-1

[Event "Djerba Festival Blitz 2025"]
[Site "Djerba"]
[Date "2025.02.21"]
[Round "4.16"]
[White "Mendil, Yacine"]
[Black "Gemelli, Romain"]
[Result "0-1"]
[ECO "A14"]
[WhiteElo "1699"]
[BlackElo "2203"]
[PlyCount "90"]
[EventDate "2025.02.15"]
[EventType "swiss"]
[EventCountry "TUN"]
[TimeControl "180+3"]

1. Nf3 Nf6 2. g3 d5 3. Bg2 e6 4. b3 c5 5. Bb2 Be7 6. O-O O-O 7. d3 Nc6 8. Nbd2 b6 9. c4 Bb7 10. cxd5 exd5 11. a3 Re8 12. Rc1 h6 13. Re1 Bd6 14. Nf1 Qd7 15. Qd2 d4 16. Red1 Na5 17. Qc2 Bd5 18. N1d2 Rxe2 19. Re1 Rae8 20. Rxe2 Rxe2 21. Qd1 Re8 22. Nc4 Nxc4 23. bxc4 Bc6 24. Qd2 Qb7 25. Nh4 Bxg2 26. Nxg2 Qf3 27. Re1 Rxe1+ 28. Nxe1 Qh5 29. h4 Nd7 30. Bc1 Ne5 31. Kg2 Qf5 32. Qf4 Qxf4 33. Bxf4 f6 34. Bxe5 Bxe5 35. f4 Bd6 36. Nf3 a6 37. Nd2 b5 38. cxb5 axb5 39. Ne4 Be7 40. Kf2 c4 41. dxc4 bxc4 42. a4 Bb4 43. Ke2 Kf7 44. Nd2 Bxd2 45. Kxd2 Ke6 0-1

[Event "Djerba Festival Blitz 2025"]
[Site "Djerba"]
[Date "2025.02.21"]
[Round "4.17"]
[White "Nassr, Lina"]
[Black "Skhiri Youssef"]
[Result "1-0"]
[ECO "E61"]
[WhiteElo "1934"]
[BlackElo "1808"]
[PlyCount "67"]
[EventDate "2025.02.15"]
[EventType "swiss"]
[EventCountry "TUN"]
[TimeControl "180+3"]

1. d4 Nf6 2. Nf3 g6 3. e3 Bg7 4. Be2 O-O 5. c4 d6 6. O-O Nbd7 7. Nc3 e5 8. b4 exd4 9. exd4 c5 10. bxc5 dxc5 11. Bb2 cxd4 12. Nxd4 Nc5 13. Ndb5 Nfe4 14. Nxe4 Nxe4 15. Bxg7 Kxg7 16. Qc2 Bf5 17. Bd3 Re8 18. Rfe1 Qf6 19. Nc7 Nxf2 20. Qxf2 Rxe1+ 21. Rxe1 Rc8 22. Bxf5 Rxc7 23. Bd3 Qc3 24. Bf1 Qa5 25. Qd4+ f6 26. Qe4 Rd7 27. Qe8 Qb6+ 28. Kh1 Qd6 29. Qe2 a6 30. Qf2 Qb4 31. c5 Rc7 32. Rc1 b6 33. Qe1 Qb5 34. Bxb5 1-0

[Event "Djerba Festival Blitz 2025"]
[Site "Djerba"]
[Date "2025.02.21"]
[Round "4.18"]
[White "Saidi, Bouziane"]
[Black "Achour, Mohamed Anis"]
[Result "1-0"]
[ECO "E60"]
[WhiteElo "1710"]
[BlackElo "2066"]
[PlyCount "97"]
[EventDate "2025.02.15"]
[EventType "swiss"]
[EventCountry "TUN"]
[TimeControl "180+3"]

1. Nf3 Nf6 2. g3 g6 3. b3 Bg7 4. Bb2 d6 5. d4 O-O 6. Bg2 Nbd7 7. O-O c5 8. c4 Rb8 9. Nc3 b6 10. d5 a6 11. a4 Re8 12. e4 e6 13. Qd2 exd5 14. exd5 Ne5 15. Nxe5 Rxe5 16. Rae1 Re8 17. Rxe8+ Qxe8 18. Re1 Qf8 19. h3 Bd7 20. Kh2 b5 21. cxb5 axb5 22. a5 b4 23. Nd1 Ra8 24. Ne3 Rxa5 25. Nc4 Ra8 26. Qf4 Re8 27. Ra1 Nh5 28. Qd2 Bb5 29. Bxg7 Nxg7 30. Ne3 h5 31. Qb2 Qe7 32. h4 Qe5 33. Qxe5 Rxe5 34. Ra8+ Kh7 35. Rb8 Bd3 36. Rd8 Be4 37. Rxd6 Bxg2 38. Kxg2 Nf5 39. Nxf5 Rxf5 40. Rd7 Kg7 41. f4 Kf6 42. Kf3 Kg7 43. Ke4 Rf6 44. Rc7 Ra6 45. Rxc5 Ra3 46. d6 Rxb3 47. d7 Rc3 48. Rxc3 bxc3 49. d8=Q 1-0

[Event "Djerba Festival Blitz 2025"]
[Site "Djerba"]
[Date "2025.02.21"]
[Round "4.19"]
[White "Kaabi, Iheb"]
[Black "Dauvois, Theo"]
[Result "1-0"]
[ECO "B21"]
[WhiteElo "1810"]
[BlackElo "1663"]
[PlyCount "81"]
[EventDate "2025.02.15"]
[EventType "swiss"]
[EventCountry "TUN"]
[TimeControl "180+3"]

1. e4 c5 2. d4 cxd4 3. c3 dxc3 4. Nxc3 Nc6 5. Bc4 a6 6. Nf3 e6 7. Bf4 d6 8. O-O Nf6 9. Qe2 e5 10. Bg5 Be7 11. Rfd1 O-O 12. h3 Qc7 13. Rac1 Be6 14. Bb3 Bxb3 15. axb3 Rfd8 16. Nd5 Qd7 17. Nb6 Qe6 18. Nxa8 Rxa8 19. Rd3 h6 20. Bxf6 Bxf6 21. Rcd1 Be7 22. Nd2 Nd4 23. Qh5 Rc8 24. Rc3 Rd8 25. Kh1 Bg5 26. Nf3 Be7 27. Nxd4 exd4 28. Rc7 Bf6 29. Qd5 Qxd5 30. exd5 Re8 31. Rxb7 Re2 32. Rb6 Rxb2 33. Rxd6 Rxb3 34. Rxa6 d3 35. d6 Bg5 36. d7 Kh7 37. Rd6 d2 38. R6xd2 Rb8 39. g3 Bd8 40. Kg2 g6 41. Rc2 1-0

[Event "Djerba Festival Blitz 2025"]
[Site "Djerba"]
[Date "2025.02.21"]
[Round "4.20"]
[White "Hafsa, Yessine"]
[Black "Amrane, Abdellah"]
[Result "0-1"]
[ECO "B22"]
[WhiteElo "1503"]
[BlackElo "2021"]
[PlyCount "72"]
[EventDate "2025.02.15"]
[EventType "swiss"]
[EventCountry "TUN"]
[TimeControl "180+3"]

1. e4 c5 2. c3 Nf6 3. e5 Nd5 4. d4 cxd4 5. Nf3 e6 6. cxd4 Nc6 7. Bc4 Nb6 8. Bb5 d6 9. Nc3 a6 10. Bxc6+ bxc6 11. O-O Be7 12. Bf4 d5 13. Na4 Nxa4 14. Qxa4 Bd7 15. Qc2 O-O 16. Nd2 Rb8 17. Nb3 Qb6 18. Be3 Rfc8 19. Rab1 a5 20. Nc5 Be8 21. f4 Bxc5 22. dxc5 Qb4 23. Rfd1 f6 24. Bd4 Bg6 25. Qf2 Bxb1 26. Rxb1 f5 27. h3 Qc4 28. b3 Qd3 29. Rb2 a4 30. Rd2 Qb1+ 31. Kh2 axb3 32. axb3 Rxb3 33. g4 Ra8 34. gxf5 Raa3 35. fxe6 Rxh3+ 36. Kg2 Qh1# 0-1

[Event "Djerba Festival Blitz 2025"]
[Site "Djerba"]
[Date "2025.02.21"]
[Round "4.22"]
[White "Ajbara Jamal"]
[Black "Minde, Baptiste"]
[Result "0-1"]
[ECO "A43"]
[WhiteElo "1898"]
[BlackElo "1896"]
[PlyCount "62"]
[EventDate "2025.02.15"]
[EventType "swiss"]
[EventCountry "TUN"]
[TimeControl "180+3"]

1. d4 Nf6 2. Nf3 c5 3. d5 b5 4. b3 e6 5. c4 Bb7 6. dxe6 fxe6 7. Bb2 bxc4 8. bxc4 d5 9. cxd5 exd5 10. e3 Qb6 11. Qc2 Nbd7 12. Be2 Bd6 13. O-O O-O 14. Rd1 Rab8 15. Nc3 d4 16. Na4 Qa5 17. exd4 Be4 18. Qc4+ Bd5 19. Qa6 Qxa6 20. Bxa6 Rb4 21. dxc5 Rxa4 22. Bxf6 Nxf6 23. Rxd5 Nxd5 24. Bb5 Ra5 25. cxd6 Rxb5 26. h3 Rd8 27. Nd4 Rb6 28. Nf5 g6 29. Ne7+ Nxe7 30. dxe7 Re8 31. Re1 Rb7 0-1

[Event "Djerba Festival Blitz 2025"]
[Site "Djerba"]
[Date "2025.02.21"]
[Round "4.23"]
[White "Sazlik, Mucahit"]
[Black "Doucet, Pierre-Alois"]
[Result "0-1"]
[ECO "D43"]
[WhiteElo "1672"]
[BlackElo "2027"]
[PlyCount "78"]
[EventDate "2025.02.15"]
[EventType "swiss"]
[EventCountry "TUN"]
[TimeControl "180+3"]

1. d4 Nf6 2. c4 e6 3. Nc3 Bb4 4. Qc2 d5 5. Bg5 h6 6. Bxf6 Qxf6 7. e3 O-O 8. Nf3 c6 9. Bd3 Nd7 10. O-O dxc4 11. Bxc4 Nb6 12. Bb3 Nd5 13. a3 Ba5 14. Rad1 Qe7 15. Ba2 Nxc3 16. bxc3 Qxa3 17. Bb1 f5 18. c4 Bc7 19. c5 Qa5 20. Ba2 Bd8 21. Ra1 Qc7 22. Ne5 Bf6 23. Qxf5 Bxe5 24. Qxe5 Qxe5 25. dxe5 b6 26. Rfc1 b5 27. Rd1 Rf7 28. Rd6 Rc7 29. Bxe6+ Bxe6 30. Rxe6 Kf7 31. Rd6 a5 32. f4 a4 33. f5 a3 34. e6+ Kf6 35. g4 b4 36. Rd7 Rxd7 37. exd7 Rd8 38. Rb1 a2 39. Rb2 a1=Q+ 0-1

[Event "Djerba Festival Blitz 2025"]
[Site "Djerba"]
[Date "2025.02.21"]
[Round "4.24"]
[White "MEZGOURI NOUREDDINE"]
[Black "Chaouech, Oussama"]
[Result "0-1"]
[ECO "A00"]
[WhiteElo "1891"]
[BlackElo "1651"]
[PlyCount "125"]
[EventDate "2025.02.15"]
[EventType "swiss"]
[EventCountry "TUN"]
[TimeControl "180+3"]

1. g3 e5 2. Bg2 d5 3. e3 Nf6 4. Ne2 c5 5. d4 e4 6. dxc5 Bxc5 7. O-O O-O 8. b3 Nc6 9. Bb2 Be6 10. Nd2 Be7 11. Nf4 Qd7 12. Nxe6 fxe6 13. c4 Nb4 14. Ba3 Rad8 15. Qe2 Nd3 16. Bxe7 Qxe7 17. Rad1 h5 18. f3 Qe8 19. fxe4 dxe4 20. Nxe4 Nxe4 21. Bxe4 Rxf1+ 22. Rxf1 Ne5 23. Bxb7 Qd7 24. Bg2 Ng4 25. Bf3 Qd2 26. Bxg4 hxg4 27. Qxd2 Rxd2 28. Rf2 Rd1+ 29. Kg2 Re1 30. h3 gxh3+ 31. Kxh3 Rxe3 32. Rd2 a5 33. Rd8+ Kf7 34. Ra8 e5 35. Rxa5 Re1 36. Kg4 Kf6 37. Ra6+ Kf7 38. c5 e4 39. c6 e3 40. Kf3 Ke7 41. Ra7+ Kd6 42. Rxg7 Kxc6 43. Re7 Ra1 44. a4 e2 45. Rxe2 Rb1 46. Re3 Kd5 47. Kf4 Kd4 48. Rf3 Re1 49. g4 Re7 50. g5 Rf7+ 51. Kg4 Rb7 52. g6 Ke5 53. Rf7 Rxb3 54. g7 Rb4+ 55. Kg5 Rb1 56. Rf5+ Ke4 57. Rf4+ Ke3 58. Rg4 Rb8 59. Kh6 Rb6+ 60. Kh7 Rb7 61. Kh8 Rb8+ 62. g8=Q Rxg8+ 63. Rxg8 0-1

[Event "Djerba Festival Blitz 2025"]
[Site "Djerba"]
[Date "2025.02.21"]
[Round "4.25"]
[White "Chabbouh, Mohamed Rayen"]
[Black "Msalmi, Hamed"]
[Result "0-1"]
[ECO "B12"]
[WhiteElo "1518"]
[BlackElo "1747"]
[PlyCount "76"]
[EventDate "2025.02.15"]
[EventType "swiss"]
[EventCountry "TUN"]
[TimeControl "180+3"]

1. e4 c6 2. d4 d5 3. e5 Bf5 4. Bd3 Bxd3 5. Qxd3 e6 6. Nf3 a6 7. O-O Ne7 8. Bg5 Qb6 9. b3 h6 10. Bh4 g5 11. Bg3 Ng6 12. Nc3 Be7 13. Na4 Qc7 14. Rac1 b5 15. Nb2 Nf4 16. Bxf4 gxf4 17. Qd2 f6 18. Qxf4 Nd7 19. Rfe1 f5 20. c4 Qb6 21. c5 Qc7 22. h3 Nf8 23. Qg3 Kf7 24. Kh1 Ng6 25. h4 Rag8 26. h5 Nh4 27. Qh3 Nxg2 28. Rg1 Nf4 29. Qh2 Ne2 30. Rxg8 Rxg8 31. Rd1 Rg4 32. Rd2 Nc3 33. Nd3 Ne4 34. Re2 Qa5 35. Nfe1 Rh4 36. Qxh4 Bxh4 37. f3 Bxe1 38. Nxe1 Ng3+ 0-1

[Event "Djerba Festival Blitz 2025"]
[Site "Djerba"]
[Date "2025.02.21"]
[Round "4.26"]
[White "Dejardin, Gregoire"]
[Black "Zerarga, Imene"]
[Result "1-0"]
[ECO "A46"]
[WhiteElo "1932"]
[BlackElo "1831"]
[PlyCount "68"]
[EventDate "2025.02.15"]
[EventType "swiss"]
[EventCountry "TUN"]
[TimeControl "180+3"]

1. d4 Nf6 2. Nf3 e6 3. b3 d5 4. Bb2 Bd6 5. Nbd2 Nbd7 6. g3 c5 7. e3 b6 8. Bg2 Bb7 9. O-O O-O 10. dxc5 bxc5 11. c4 Rb8 12. Rc1 a5 13. Qc2 Ba6 14. Rfd1 Qb6 15. Ba1 Rfc8 16. cxd5 exd5 17. Qf5 Bb7 18. Ne1 Bc6 19. h4 a4 20. h5 h6 21. Nd3 Bb5 22. Nf4 d4 23. Nc4 Bxc4 24. bxc4 dxe3 25. fxe3 Bf8 26. Nd5 Nxd5 27. Bxd5 Nf6 28. Rb1 Qd6 29. Rxb8 Qxb8 30. Bxf6 gxf6 31. Be4 Qxg3+ 32. Kf1 Qg7 33. Rd2 Re8 34. Rg2 Rxe4 1-0

[Event "Djerba Festival Blitz 2025"]
[Site "Djerba"]
[Date "2025.02.21"]
[Round "4.27"]
[White "Chavallard, Yanis"]
[Black "Zouaghi, Ahmed"]
[Result "0-1"]
[ECO "A37"]
[WhiteElo "1605"]
[BlackElo "1919"]
[PlyCount "122"]
[EventDate "2025.02.15"]
[EventType "swiss"]
[EventCountry "TUN"]
[TimeControl "180+3"]

1. c4 c5 2. g3 g6 3. Bg2 Bg7 4. Nf3 Nc6 5. Nc3 e5 6. O-O d6 7. e3 Nge7 8. d4 cxd4 9. exd4 O-O 10. dxe5 dxe5 11. Qxd8 Rxd8 12. Ne4 h6 13. c5 b6 14. Be3 Nf5 15. Rfe1 Nxe3 16. Rxe3 f5 17. Nd6 e4 18. Nd2 Bxb2 19. Rb1 Bd4 20. Re2 Ba6 21. Ree1 Bxc5 22. N6c4 b5 23. Nb3 Bb4 24. Ncd2 Bxd2 25. Red1 Bb4 26. Rdc1 Bb7 27. Rc2 Rac8 28. Re2 Bf8 29. f3 Nd4 30. Nxd4 Rxd4 31. fxe4 fxe4 32. Rxb5 Ba6 33. Rbb2 Bxe2 34. Rxe2 Bc5 35. Kh1 Bb6 36. Bxe4 Kg7 37. Kg2 Re8 38. Bf3 Rxe2+ 39. Bxe2 Rd2 40. Kf3 Rxa2 41. Bc4 Ra3+ 42. Ke4 Ra4 43. Kd5 Rxc4 44. Kxc4 Kf6 45. h3 Kg5 46. Kb5 Kf5 47. Kc4 Ke4 48. Kb5 Kf3 49. Kc6 Kxg3 50. Kd5 Kxh3 51. Ke6 g5 52. Kf5 g4 53. Kg6 g3 54. Kxh6 g2 55. Kh7 g1=Q 56. Kh6 Qc5 57. Kh7 Kh4 58. Kh8 Qe7 59. Kg8 Kg5 60. Kh8 Kg6 61. Kg8 Qe8# 0-1

[Event "Djerba Festival Blitz 2025"]
[Site "Djerba"]
[Date "2025.02.21"]
[Round "4.28"]
[White "Messala, Noureddine"]
[Black "Baduel Ghalimi, Maxence"]
[Result "1-0"]
[ECO "D02"]
[WhiteElo "2069"]
[BlackElo "1506"]
[PlyCount "79"]
[EventDate "2025.02.15"]
[EventType "swiss"]
[EventCountry "TUN"]
[TimeControl "180+3"]

1. d4 d5 2. Nf3 Nf6 3. Bf4 e6 4. e3 c5 5. c3 Be7 6. Nbd2 O-O 7. Bd3 h6 8. h3 Nc6 9. O-O Bd7 10. Ne5 Rc8 11. Rc1 a6 12. Ndf3 Nxe5 13. Nxe5 Ne4 14. f3 Nd6 15. Qe1 Bg5 16. Bxg5 Qxg5 17. Nxd7 Rfd8 18. Ne5 h5 19. f4 Qf6 20. Qg3 c4 21. Bb1 b5 22. Qg5 Qxg5 23. fxg5 a5 24. Rf2 f5 25. gxf6 gxf6 26. Rxf6 b4 27. Rcf1 Rf8 28. Rxf8+ Rxf8 29. Rxf8+ Kxf8 30. Bc2 Ke7 31. Nc6+ Kf6 32. Nxa5 bxc3 33. bxc3 Nb5 34. a4 Nxc3 35. Kf2 Ne4+ 36. Bxe4 dxe4 37. Nxc4 Ke7 38. a5 Kd7 39. Kg3 Kc7 40. Kf4 1-0

[Event "Djerba Festival Blitz 2025"]
[Site "Djerba"]
[Date "2025.02.21"]
[Round "4.29"]
[White "Mendili, Jahed"]
[Black "Badrakova, Kseniya"]
[Result "1-0"]
[ECO "B78"]
[WhiteElo "1771"]
[BlackElo "1757"]
[PlyCount "57"]
[EventDate "2025.02.15"]
[EventType "swiss"]
[EventCountry "TUN"]
[TimeControl "180+3"]

1. e4 c5 2. Nf3 d6 3. d4 cxd4 4. Nxd4 Nf6 5. Nc3 g6 6. Be3 Bg7 7. f3 O-O 8. Qd2 Nc6 9. Bc4 Bd7 10. O-O-O Rc8 11. Bb3 Ne5 12. g4 Nc4 13. Bxc4 Rxc4 14. h4 h5 15. gxh5 Nxh5 16. Rdg1 Qa5 17. Rg5 e5 18. Nb3 Qc7 19. Nd5 Qd8 20. Rhg1 Kh7 21. Qg2 Qe8 22. Rxh5+ Kg8 23. Bh6 Be6 24. Bxg7 Kxg7 25. Ne3 Rc7 26. Nf5+ Bxf5 27. Rxf5 Rh8 28. h5 Qe7 29. hxg6 1-0